 Dungeon Crawl Stone Soup version 0.26-a0-215-g1b87330c0f (webtiles) character file.

Game seed: 2914169132185055141

49255 MrRokkomies the Unseen (level 14, -5/85 HPs)
             Began as a Vampire Enchanter on July 5, 2020.
             Was the Champion of Kikubaaqudgha.
             Slain by an eight-headed hydra (10 damage)
             ... on level 6 of the Lair of Beasts on July 6, 2020.
             The game lasted 01:12:53 (19477 turns).

MrRokkomies the Unseen (Vampire Enchanter)         Turns: 19477, Time: 01:12:55

Health: -5/85      AC: 19    Str: 13    XL:     14   Next: 15%
Magic:  11/21      EV: 17    Int: 26    God:    Kikubaaqudgha [******]
Gold:   571        SH:  5    Dex: 17    Spells: 3/23 levels left

rFire    . . .     SeeInvis +   a - +6 rapier (pain)
rCold    . . .     Faith    .   L - +0 buckler
rNeg     . . .     Spirit   .   q - +1 ring mail of Meumiu Enaat {*Drain Int+3 Dex+3} (curse)
rPois    .         Reflect  .   d - +1 hat {Int+3}
rElec    .         Harm     .   k - +2 cloak of Noas {Regen+ Str+3}
rCorr    .                      (no gloves)
MR       +....                  C - +0 pair of boots
Stlth    +++++.....             P - amulet of regeneration
HPRegen  1.24/turn              y - +4 ring of protection
MPRegen  0.17/turn              r - +4 ring of protection

@: very slightly contaminated, regenerating quickly
A: no food, fangs 3, see invisible, unbreathing
a: Exsanguinate, Receive Corpses, Torment, Renounce Religion


You were on level 6 of the Lair of Beasts.
You worshipped Kikubaaqudgha.
Kikubaaqudgha was exalted by your worship.
You were alive.

You visited 2 branches of the dungeon, and saw 18 of its levels.
You visited 1 bazaar.
You also visited: Sewer and Ossuary.

You collected 1097 gold pieces.
You spent 526 gold pieces at shops.

Inventory:

Hand Weapons
 a - a +6 rapier of pain (weapon)
 K - a +1 rapier of venom
Missiles
 u - 63 poisoned darts (quivered)
 J - 5 throwing nets
Armour
 d - a +1 hat of intelligence (worn)
 h - a scarf of resistance
 k - the +2 cloak of Noas (worn) {Regen+ Str+3}
   (You bought it in a shop in a bazaar)

   It affects your strength (+3).
   It increases your rate of regeneration.
 q - the cursed +1 ring mail of Meumiu Enaat (worn) {*Drain Int+3 Dex+3}
   (You bought it in a shop in a bazaar)

   It affects your intelligence (+3).
   It affects your dexterity (+3).
   It causes draining when unequipped.
   It has a curse placed upon it.
 C - a +0 pair of boots (worn)
 L - a +0 buckler (worn)
Jewellery
 b - a +4 ring of protection
 e - an uncursed ring of protection from magic
 m - an uncursed ring of protection from magic
 r - a +4 ring of protection (right hand)
 x - an uncursed ring of protection from cold
 y - a +4 ring of protection (left hand)
 P - an amulet of regeneration (around neck)
Wands
 j - a wand of enslavement (4)
 o - a wand of digging (6)
 s - a wand of iceblast (3)
 F - a wand of flame (26)
 O - a wand of acid (8)
 Q - a wand of polymorph (11)
Scrolls
 c - 8 scrolls of remove curse
 l - 3 scrolls of fog
 w - 4 scrolls of amnesia
 D - 2 scrolls of identify
 E - 3 scrolls of enchant armour
 G - 4 scrolls of teleportation
 M - 2 scrolls of blinking
 S - a scroll of immolation
Potions
 f - 5 potions of stabbing
 g - 4 potions of brilliance
 i - 18 potions of curing
 n - 4 potions of might
 p - a potion of magic
 t - 3 potions of berserk rage
 v - 3 potions of flight
 z - 3 potions of lignification
 B - a potion of ambrosia
 H - a potion of mutation
 I - a potion of heal wounds
 N - 2 potions of invisibility
 R - a potion of resistance {unknown}
Miscellaneous
 A - a phial of floods


   Skills:
 - Level 14.0 Short Blades
 + Level 9.8 Dodging
 - Level 15.0 Stealth
 - Level 4.0 Shields
 - Level 5.0 Spellcasting
 - Level 10.0 Hexes
 * Level 13.0 Necromancy
 * Level 6.0 Earth Magic
 + Level 3.5 Evocations


You had 3 spell levels left.
You knew the following spells:

 Your Spells              Type           Power        Failure   Level
a - Dazzling Flash        Conj/Hex       ####..       6%          3
b - Ensorcelled Hibernat  Hex/Ice        ####..       3%          2
c - Confusing Touch       Hex            ######..     1%          3
d - Tukima's Dance        Hex            ######..     1%          3
e - Borgnjor's Vile Clut  Necr/Erth      ######....   10%         5
f - Dispel Undead         Necr           ######..     1%          4

Your spell library contained the following spells:

 Spells                   Type           Power        Failure   Level
 Animate Skeleton         Necr           N/A          1%          1
 Corona                   Hex            ######.      1%          1
 Pain                     Necr           ####         1%          1
 Sandblast                Erth           #####.       1%          1
 Sublimation of Blood     Necr           ######....   1%          2
 Vampiric Draining        Necr           ######....   1%          3
 Passwall                 Tmut/Erth      ###.....     8%          2
 Stone Arrow              Conj/Erth      ###...       14%         3
 Apportation              Tloc           #.....       17%         1
 Summon Butterflies       Summ           #.......     17%         1
 Gell's Gravitas          Tloc           #.........   45%         3
 Lesser Beckoning         Tloc           #.........   45%         3
 Death Channel            Necr           ######....   12%         6
 Excruciating Wounds      Chrm/Necr      #####.....   32%         5
 Lee's Rapid Deconstruct  Erth           #####.....   36%         5
 Invisibility             Hex            ######..     38%         6
 Petrify                  Tmut/Erth      ###.....     43%         4
 Metabolic Englaciation   Hex/Ice        ####......   52%         5
 Yara's Violent Unravell  Hex/Tmut       ####......   52%         5
 Simulacrum               Ice/Necr       #####.....   87%         6
 Alistair's Intoxication  Tmut/Pois      #.......     99%         5
 Irradiate                Conj/Tmut      #.........   99%         5
 Hydra Form               Tmut           #.........   100%        6
 Statue Form              Tmut/Erth      ###......    100%        6
 Dragon Form              Tmut           #.........   100%        7


Dungeon Overview and Level Annotations

Branches:
Dungeon (12/15)            Temple (0/1) D:5            Lair (6/6) D:11
 Shoals (0/4) Lair:3        Snake (0/4) Lair:4        Slime (0/5) Lair:5
    Orc (0/2) D:11          Sewer (visited)         Ossuary (visited)

Altars:
Elyvilon
Gozag
Kikubaaqudgha
Okawaru
Ru
Trog
Uskayaw
Xom
Yredelemnul
Zin
The Shining One
Beogh
Jiyva

Shops:
D:6 ?   D:8 *   D:10 %

Annotations:
D:10 3 runed translucent doors, Snarbu88's ghost, journeyman MiFi
D:11 2 runed translucent doors, exclusion: orange crystal statue
D:12 1 runed translucent door, exclusion: orange crystal statue


Innate Abilities, Weirdness & Mutations

You do not eat.
Your natural rate of healing is unusually fast.
You have razor-sharp teeth.
You have supernaturally acute eyesight. (SInv)
You can survive without breathing.


Message History

The eight-headed hydra bites you. The eight-headed hydra misses you.
The eight-headed hydra bites you but does no damage.
The eight-headed hydra closely misses you.
The eight-headed hydra barely misses you.
The eight-headed hydra misses you. The eight-headed hydra bites you!
The eight-headed hydra bites you but does no damage.
Casting: Dazzling Flash (dangerous; 6% risk of failure)
Confirm with . or Enter, or press ? or * to list all spells.
The eight-headed hydra bites you! The eight-headed hydra bites you.
The eight-headed hydra bites you!
* * * LOW HITPOINT WARNING * * *
The eight-headed hydra closely misses you.
The eight-headed hydra bites you!
* * * LOW HITPOINT WARNING * * *
The eight-headed hydra bites you.
* * * LOW HITPOINT WARNING * * *
The eight-headed hydra barely misses you.
The eight-headed hydra bites you!
You die...
Kikubaaqudgha rasps: "You have failed me!
Welcome... death!" ...77 77.7 #...77 777.77 777

.....77 77...7777777 ...7
......7777777........7.777....
.......7.77....P).............
....#...777....P....P.P.....#
....##.#.##................##
....P..P.#.#....D##PPP.....#
..^......#......@##P...P..#.#
..........PP.....#####.#..###
....÷.÷...........# ##....###
#.................# ##.....#..
...........#.....## #.........
..................# #.........
...........P......# ##.........
..........PPP....#####P.........
...##..#..P.P..#..#..P..........


You could see an eight-headed hydra.

Vanquished Creatures
  Gastronok (Lair:1)
  2 entropy weavers (Lair:5)
  Nessos (Lair:4)
  Harold (D:9)
  5 hydras
  A catoblepas (Lair:6)
  A queen ant (Lair:5)
  A two-headed ogre (D:9)
  10 death yaks
  Nergalle (D:10)
  A cyclops (D:11)
  A manticore (Lair:3)
  3 elephants (Lair:2)
  2 black mambas
  6 cane toads
  A centaur skeleton (D:8)
  A kobold demonologist (D:12)
  2 rime drakes
  2 gargoyles (D:10)
  A torpor snail (Lair:4)
  7 komodo dragons
  2 polar bears (Lair:6)
  A troll (D:11)
  A hornet (Lair:5)
  A dream sheep (Lair:6)
  9 hippogriffs
  10 blink frogs
  42 yaks
  A wyvern (Lair:5)
  A spriggan (D:7)
  2 hungry ghosts
  Grum (D:9)
  24 soldier ants
  2 nagas (Lair:4)
  13 water moccasins
  9 porcupines
  A hell hound (Lair:6)
  5 orc warriors
  4 sky beasts
  3 phantoms
  An ice beast (D:12)
  5 black bears
  8 wolves
  10 centaurs
  4 big kobolds
  8 crocodiles
  14 bullfrogs
  A gnoll sergeant (D:6)
  3 water moccasin zombies (Ossuary)
  A wyvern skeleton (D:6)
  4 scorpions
  4 killer bees
  4 electric eels (Lair:1)
  2 jellies
  2 quasits
  14 orc priests
  Crazy Yiuf (D:2)
  7 hounds
  Jessica (D:2)
  3 iguanas
  6 orc wizards
  A hell rat (D:11)
  27 worker ants
  4 big kobold zombies (Ossuary)
  A hound zombie (D:8)
  2 hound skeletons
  2 mummies (Ossuary)
  A worker ant zombie (D:9)
  11 gnolls
  A howler monkey skeleton (D:7)
  8 adders
  6 river rats
  A shadow imp (D:5)
  2 white imps
  3 ufetubi
  4 oozes
  8 adder zombies
  An adder skeleton (D:7)
  6 worms
  3 dart slugs
  4 leopard geckos
  33 orcs
  4 ball pythons
  9 bats
  9 giant cockroaches
  7 goblins
  8 hobgoblins
  17 jackals
  29 kobolds
  2 quokkas (D:8)
  4 frilled lizards
  4 gnoll zombies (Ossuary)
  4 hobgoblin zombies (Ossuary)
  A jackal skeleton (D:6)
  5 kobold zombies (Ossuary)
  A leopard gecko skeleton (D:4)
  3 orc zombies (Ossuary)
  A quokka skeleton (D:4)
  A quokka zombie (D:9)
  35 rats
  A butterfly (Lair:6)
560 creatures vanquished.

Vanquished Creatures (collateral kills)
  A two-headed ogre (D:12)
  A phantom (D:12)
  A necrophage (D:12)
  2 ogres
  A worker ant (D:12)
  A river rat (D:11)
  A dart slug (D:5)
  An orc (D:11)
9 creatures vanquished.

Vanquished Creatures (others)
  3 dancing weapons
  A wolf (D:9)
  An orc (D:7)
  2 jackals (D:9)
  A bush (Lair:6)
  4 fungi
  2 plants
14 creatures vanquished.

Grand Total: 583 creatures vanquished

Notes
Turn   | Place    | Note
-------+----------+-------------------------------------------
     0 | D:1      | MrRokkomies the Vampire Enchanter began the quest for the
                  | Orb.
     0 | D:1      | Reached XP level 1. HP: 13/13 MP: 3/3
   163 | D:1      | Reached XP level 2. HP: 17/19 MP: 5/5
   167 | D:1      | Learned a level 2 spell: Ensorcelled Hibernation
   461 | D:1      | Reached skill level 5 in Hexes
   461 | D:1      | Reached XP level 3. HP: 24/24 MP: 0/6
   903 | D:1      | Reached skill level 5 in Stealth
  1281 | D:2      | Reached XP level 4. HP: 24/24 MP: 2/7
  1573 | D:2      | Noticed a moth of wrath
  1575 | D:2      | Found a bloodstained altar of Trog.
  1769 | D:2      | Found an ancient bone altar of Kikubaaqudgha.
  1778 | D:2      | Became a worshipper of Kikubaaqudgha
  1828 | D:2      | Found a runed translucent door.
  1830 | D:2      | Noticed Crazy Yiuf
  1837 | D:2      | Learned a level 3 spell: Confusing Touch
  1846 | D:2      | Killed Crazy Yiuf
  1951 | D:2      | Noticed Jessica
  1973 | D:2      | Killed Jessica
  1973 | D:2      | Reached XP level 5. HP: 31/31 MP: 1/8
  3104 | D:3      | Found a sacrificial altar of Ru.
  3109 | D:3      | Found an iron altar of Okawaru.
  3112 | D:3      | Found a shimmering altar of Xom.
  3491 | D:4      | Reached * piety under Kikubaaqudgha
  3491 | D:4      | Identified Kikubaaqudgha's Collected Works on Stolen Souls
                  | (Kikubaaqudgha gifted it to you on level 4 of the Dungeon)
  3491 | D:4      | Received a gift from Kikubaaqudgha
  3701 | D:4      | Reached XP level 6. HP: 36/36 MP: 6/9
  3749 | D:4      | Reached skill level 6 in Stealth
  4159 | D:4      | Found a white marble altar of Elyvilon.
  4159 | D:4      | Found a glowing golden altar of the Shining One.
  4159 | D:4      | Found a glowing silver altar of Zin.
  4243 | D:4      | Learned a level 3 spell: Tukima's Dance
  4717 | D:5      | Entered Level 5 of the Dungeon
  4730 | D:5      | Reached XP level 7. HP: 46/46 MP: 10/10
  4731 | D:5      | Found a staircase to the Ecumenical Temple.
  4886 | D:5      | Found a basalt altar of Yredelemnul.
  4923 | D:5      | Reached skill level 5 in Short Blades
  5049 | D:5      | Reached skill level 7 in Stealth
  5355 | D:5      | Reached XP level 8. HP: 22/52 MP: 6/11
  5889 | D:6      | Reached ** piety under Kikubaaqudgha
  5914 | D:6      | Found a glowing drain.
  6017 | Sewer    | Entered a sewer
  6318 | Sewer    | Reached *** piety under Kikubaaqudgha
  6318 | Sewer    | Identified Kikubaaqudgha's Catalogue of Sinister Rites
                  | (Kikubaaqudgha gifted it to you in a sewer)
  6318 | Sewer    | Received a gift from Kikubaaqudgha
  6335 | Sewer    | Reached skill level 5 in Dodging
  6352 | Sewer    | Reached skill level 8 in Stealth
  6579 | Sewer    | Reached skill level 10 in Hexes
  6833 | D:6      | Found Wuestrau's Magic Scroll Boutique.
  6916 | D:6      | Bought a scroll of amnesia for 45 gold pieces
  6921 | D:6      | Learned a level 3 spell: Dazzling Flash
  6942 | D:6      | Found an opulent altar of Gozag.
  6944 | D:6      | Found a transporter.
  6951 | D:6      | Found a transporter.
  7468 | D:6      | Reached XP level 9. HP: 30/57 MP: 13/13
  7597 | D:7      | Reached **** piety under Kikubaaqudgha
  7820 | D:7      | Found a sand-covered staircase.
  7839 | D:7      | Reached skill level 9 in Stealth
  7862 | Ossuary  | Entered an ossuary
  8098 | Ossuary  | Reached ***** piety under Kikubaaqudgha
  8842 | D:8      | Reached skill level 5 in Spellcasting
  8859 | D:8      | Learned a level 5 spell: Borgnjor's Vile Clutch
  8938 | D:8      | Reached skill level 10 in Stealth
  8938 | D:8      | Reached skill level 1 in Necromancy
  9040 | D:8      | Reached XP level 10. HP: 24/63 MP: 5/17
  9374 | D:8      | Found Saom's Assorted Antiques.
 10340 | D:9      | Reached skill level 10 in Short Blades
 10478 | D:9      | Noticed Grum
 10493 | D:9      | Noticed a two-headed ogre
 10500 | D:9      | Killed Grum
 10523 | D:9      | Killed a two-headed ogre
 10523 | D:9      | Reached skill level 11 in Stealth
 10529 | D:9      | Reached skill level 5 in Necromancy
 10695 | D:9      | Found a hide-covered altar of Uskayaw.
 10695 | D:9      | Found a bloodstained altar of Trog.
 10832 | D:9      | Noticed Harold
 10848 | D:9      | Killed Harold
 10862 | D:9      | You fall into a shaft and drop 3 floors!
 10866 | D:12     | Found a runed translucent door.
 10866 | D:12     | Noticed an orange crystal statue
 10873 | D:12     | Found a runed translucent door.
 10875 | D:12     | Noticed a two-headed ogre
 10921 | D:12     | Killed a two-headed ogre
 10921 | D:12     | Reached XP level 11. HP: 28/68 MP: 4/18
 10930 | D:12     | Noticed a two-headed ogre
 10941 | D:12     | Found a flickering gateway to a bazaar.
 10946 | Bazaar   | Entered a bazaar
 10946 | Bazaar   | Found Osuucisa's Antique Armour Shop.
 11043 | Bazaar   | Found Coaga's General Store.
 11063 | Bazaar   | Found Roheoluv's Antique Weapon Shop.
 11085 | Bazaar   | Bought a distressingly furry cloak for 247 gold pieces
 11085 | Bazaar   | Bought a fine ring mail for 234 gold pieces
 11095 | Bazaar   | Identified the +2 cloak of Noas {Regen+ Str+3} (You bought
                  | it in a shop in a bazaar)
 11105 | Bazaar   | Identified the cursed +1 ring mail of Meumiu Enaat {*Drain
                  | Int+3 Dex+3} (You bought it in a shop in a bazaar)
 11221 | D:11     | Found a runed translucent door.
 11238 | D:11     | Found the +10 tower shield of Ignorance {rN+ Int-4}
 11243 | D:11     | Found a runed translucent door.
 11249 | D:11     | Noticed an orange crystal statue
 11258 | D:11     | Found a staircase to the Lair.
 11258 | D:11     | Noticed a death yak
 11268 | D:11     | Noticed a death yak
 11277 | D:11     | Noticed a death yak
 11327 | D:11     | Killed a death yak
 11501 | D:11     | Killed a death yak
 11539 | D:11     | Killed a death yak
 11539 | D:11     | Reached skill level 12 in Stealth
 12000 | D:11     | Found a staircase to the Orcish Mines.
 12015 | D:11     | Found a roughly hewn altar of Beogh.
 12276 | D:11     | Reached ****** piety under Kikubaaqudgha
 12277 | D:11     | Identified a +3 rapier of pain (a +1 rapier bloodied by
                  | Kikubaaqudgha)
 12277 | D:11     | Received a gift from Kikubaaqudgha
 12483 | D:10     | Entered Level 10 of the Dungeon
 12632 | D:10     | Noticed Nergalle
 12639 | D:10     | Killed Nergalle
 12844 | D:10     | Found a white marble altar of Elyvilon.
 12867 | D:10     | Found Esosuilo's Food Boutique.
 12946 | D:10     | Found a runed translucent gate.
 12946 | D:10     | Found a runed translucent gate.
 12946 | D:10     | Found a runed translucent gate.
 12949 | D:10     | Noticed Snarbu88's ghost (journeyman MiFi)
 13767 | Lair:1   | Entered Level 1 of the Lair of Beasts
 13873 | Lair:1   | Learned a level 4 spell: Dispel Undead
 13924 | Lair:1   | Reached XP level 12. HP: 74/74 MP: 19/19
 14147 | Lair:1   | Reached skill level 13 in Stealth
 14377 | Lair:1   | Noticed Gastronok
 14404 | Lair:1   | Killed Gastronok
 14404 | Lair:1   | Reached skill level 1 in Shields
 14799 | Lair:2   | Noticed a six-headed hydra
 14820 | Lair:2   | Killed a six-headed hydra
 14964 | Lair:2   | Reached skill level 10 in Necromancy
 15044 | Lair:2   | Noticed a five-headed hydra
 15607 | Lair:2   | Killed a five-headed hydra
 15774 | Lair:3   | Noticed an eight-headed hydra
 15780 | Lair:3   | Killed an eight-headed hydra
 15784 | Lair:3   | Reached skill level 14 in Stealth
 15849 | Lair:3   | Noticed a four-headed hydra
 15860 | Lair:3   | Killed a four-headed hydra
 15955 | Lair:3   | Reached XP level 13. HP: 79/79 MP: 20/20
 16138 | Lair:3   | Found a staircase to the Shoals.
 16750 | Lair:4   | Found a staircase to the Snake Pit.
 16832 | Lair:4   | Noticed Nessos
 16850 | Lair:4   | Killed Nessos
 16987 | Lair:4   | You fall into a shaft and drop 2 floors!
 16987 | Lair:6   | Entered Level 6 of the Lair of Beasts
 17114 | Lair:5   | Upgraded the game from 0.26-a0-200-g62faa89a7e to
                  | 0.26-a0-215-g1b87330c0f
 17143 | Lair:5   | Reached skill level 1 in Earth Magic
 17305 | Lair:5   | Noticed an entropy weaver
 17313 | Lair:5   | Reached skill level 1 in Evocations
 17374 | Lair:5   | Killed an entropy weaver
 17542 | Lair:5   | Noticed an entropy weaver
 17556 | Lair:5   | Killed an entropy weaver
 17556 | Lair:5   | Reached skill level 15 in Stealth
 18047 | Lair:5   | Found a viscous altar of Jiyva.
 18047 | Lair:5   | Found a staircase to the Slime Pits.
 18767 | Lair:6   | Reached skill level 5 in Earth Magic
 18965 | Lair:6   | Reached XP level 14. HP: 76/85 MP: 21/21
 19477 | Lair:6   | Slain by an eight-headed hydra

Illustrated notes

Levels and vault maps discovered:
D:1:      dpeg_arrival_boxorama, layout_basic, minmay_misc_feat_tiny,
          chequers_jeans
D:2:      layout_basic, marbit_many_paths, tgw_trog, uniq_jessica,
          uniq_crazy_yiuf_cottage
D:3:      layout_basic, minitemple
D:4:      layout_loops_ring, good_gods_mini_temple
D:5:      layout_basic, lemuel_round_altar, minmay_temple_entry_mini_moons,
          first_ration
D:6:      layout_basic, gammafunk_temple_overflow_arena, serial_shops,
          nicolae_shop_window_shopping, cheibrodos_sewer_entry_sluice,
          grunt_tough_drop
D:7:      layout_rooms, enter_ossuary_2, the_bakery
D:8:      layout_layer_cave, serial_shops, nicolae_shop_waterfront,
          glass_columns_c, skrybe_limestone_x
D:9:      layout_basic, amethyst_overflow_temple_binary, uniq_grum, uniq_harold
D:10:     layout_rooms, serial_rivers, chequers_serial_rivers_small_b,
          chequers_serial_rivers_marsh, chequers_serial_rivers_small_a,
          chequers_serial_rivers_room_a, chequers_serial_rivers_micro_b,
          chequers_serial_rivers_micro_b, serial_shops, kennysheep_mini_moat,
          gammafunk_ghost_spectres, elyvilon_altar_4, uniq_nergalle
D:11:     layout_stronghold, dpeg_lair_monsters, minmay_orc_entry_temple_small,
          chequers_guarded_unrand_ignorance
D:12:     layout_loops_ring, enter_trove_5, serial_shops, bzr_entry_road,
          minmay_statue_crystal_thing
Lair:1:   layout_loops_ring, serial_bayou, serial_bayou_lagoon_b,
          serial_bayou_pond_c, serial_bayou_ford_a, serial_bayou_lagoon_a,
          serial_bayou_pond_c, serial_bayou_pond_c, infiniplex_staircase_pool,
          lemuel_fruit_tree, serial_bayou_shore_b, uniq_gastronok
Lair:2:   layout_regular_city, grunt_megastairs_3
Lair:3:   layout_chaotic_city, minmay_shoals_entry_beasts
Lair:4:   layout_gridlike, guppyfry_snake_entry_island,
          grunt_forest_small_clearings, st_stairs_5,
          infiniplex_staircase_pool_2, uniq_nessos
Lair:5:   layout_cave_pods, dpeg_slime_entry_enclosed_altar, minivault_29
Lair:6:   evil_forest, layout_long_grid, st_stairs_3, lemuel_fruit_fields

Skill      XL: |  1  2  3  4  5  6  7  8  9 10 11 12 13 14 |
---------------+-------------------------------------------+-----
Short Blades   | 2 3 4 5 7 9 10 12 13 14 | 14.0
Hexes          | 5 6 7 9 10 | 10.0
Stealth        | 5 6 7 8 10 11 12 14 15 | 15.0
Dodging        | 3 4 5 6 7 9 |  9.8
Spellcasting   | 3 5 |  5.0
Necromancy     | 1 6 8 10 12 13 | 13.0
Shields        | 3 4 |  4.0
Earth Magic    | 5 6 |  6.0
Evocations     | 3 |  3.5

Action                   |  1- 3 |  4- 6 |  7- 9 | 10-12 | 13-15 || total
-------------------------+-------+-------+-------+-------+-------++-------
Melee: Dagger            |   153 |    69 |       |       |       ||   222
       Bite              |     6 |    21 |    72 |    73 |    62 ||   234
       Rapier            |       |   218 |   682 |   638 |   502 ||  2040
Throw: Dart              |       |       |       |     6 |       ||     6
 Cast: Ensorcelled Hiber |    16 |    24 |    44 |    45 |     6 ||   135
       Confusing Touch   |       |     3 |     7 |     7 |     1 ||    18
       Tukima's Dance    |       |       |     1 |    14 |       ||    15
       Dazzling Flash    |       |       |     7 |    25 |    23 ||    55
Invok: Brand Weapon With |       |       |       |     1 |       ||     1
 Abil: Exsanguinate      |     1 |       |     1 |       |       ||     2
       Revivify          |       |     1 |     1 |       |       ||     2
Evoke: Wand              |       |       |     1 |    24 |       ||    25
  Use: Scroll            |       |     9 |     9 |    12 |     3 ||    33
       Potion            |       |     5 |     3 |     5 |       ||    13
 Stab: Sleeping          |    15 |    18 |    40 |    41 |    20 ||   134
       Confused          |       |     3 |     9 |     8 |     2 ||    22
       Distracted        |       |     1 |     2 |     3 |     3 ||     9
       Invisible         |       |       |     4 |    15 |    16 ||    35
Armor: Robe              |    32 |    86 |   252 |    53 |       ||   423
       Ring mail         |       |       |       |   181 |   122 ||   303
Dodge: Dodged            |   138 |   202 |   611 |   496 |   244 ||  1691
Block: Buckler           |       |       |       |    28 |    68 ||    96

Table legend:
 A = Non-vault XP
 B = Vault XP
 C = Vault XP percentage of total XP
 D = Non-vault monster count
 E = Vault monster count
 F = Vault count percentage of total count
                 A         B        C        D         E       F
            +---------+---------+-------+---------+---------+-------
      Total |   45048 |   25317 |  36.0 |     380 |     188 |  33.1
            +---------+---------+-------+---------+---------+-------
        D:1 |      75 |       0 |   0.0 |      31 |       0 |   0.0
        D:2 |      43 |      92 |  68.1 |      19 |       8 |  29.6
        D:3 |      42 |       0 |   0.0 |      20 |       0 |   0.0
        D:4 |     425 |       0 |   0.0 |      25 |       0 |   0.0
        D:5 |     882 |       0 |   0.0 |      22 |       0 |   0.0
        D:6 |     794 |     354 |  30.8 |      20 |       9 |  31.0
        D:7 |    1203 |     211 |  14.9 |      31 |       1 |   3.1
        D:8 |    2671 |       0 |   0.0 |      27 |       0 |   0.0
        D:9 |    2346 |    1513 |  39.2 |      20 |       5 |  20.0
       D:10 |    1795 |     816 |  31.3 |      22 |       1 |   4.3
       D:11 |    1679 |    2913 |  63.4 |      11 |      17 |  60.7
       D:12 |    1781 |       0 |   0.0 |      16 |       0 |   0.0
     Lair:1 |    3322 |    2297 |  40.9 |      17 |       1 |   5.6
     Lair:2 |    8046 |       0 |   0.0 |      28 |       0 |   0.0
     Lair:3 |    4733 |     820 |  14.8 |      17 |       2 |  10.5
     Lair:4 |    3982 |    2287 |  36.5 |      18 |       6 |  25.0
     Lair:5 |    6106 |    7805 |  56.1 |      18 |      44 |  71.0
     Lair:6 |    5123 |    5527 |  51.9 |      18 |      14 |  43.8
      Sewer |       0 |     248 | 100.0 |       0 |      48 | 100.0
    Ossuary |       0 |     434 | 100.0 |       0 |      32 | 100.0
            +---------+---------+-------+---------+---------+-------
